 Dungeon Crawl Stone Soup version 0.28.0-45-g0d030f2227 (webtiles) character file.

Game seed: 16818967601461092700

6 Peloso the Skirmisher (level 1, -5/20 HPs)
             Began as a Minotaur Fighter on Apr 20, 2022.
             Succumbed to a kobold's poison
             ... on level 1 of the Dungeon.
             The game lasted 00:00:34 (489 turns).

Peloso the Skirmisher (Minotaur Fighter)             Turns: 489, Time: 00:00:34

Health: -5/20      AC:  7    Str: 20    XL:     1   Next: 75%
Magic:  0/0        EV:  9    Int:  5    God:
Gold:   42         SH:  4    Dex:  9    Spells: 0/0 levels left

rFire   . . .      SeeInvis .   a - +0 long sword
rCold   . . .      Faith    .   c - +0 buckler
rNeg    . . .      Spirit   .   b - +0 scale mail
rPois   .          Reflect  .   (helmet restricted)
rElec   .          Harm     .   (no cloak)
rCorr   .          Rampage  .   (no gloves)
Will    .....                   (no boots)
Stlth   ..........              (no amulet)
HPRegen 0.06/turn               (no ring)
MPRegen 0.07/turn               (no ring)

@: lethally poisoned (-5 -> -28)
A: horns 2, retaliatory headbutt
a: no special abilities


You were on level 1 of the Dungeon.
You visited 1 branch of the dungeon, and saw 1 of its levels.

You collected 42 gold pieces.

Inventory:

Hand Weapons
 a - a +0 long sword (weapon)
Armour
 b - a +0 scale mail (worn)
 c - a +0 buckler (worn)
Scrolls
 e - 2 scrolls of teleportation {unknown}
Potions
 d - a potion of might


   Skills:
 + Level 3.9 Fighting
 + Level 2.4 Long Blades
 + Level 3.7 Armour
 + Level 3.8 Shields


You couldn't memorise any spells.
You didn't know any spells.
Your spell library contained the following spells:

 Spells                   Type           Power      Damage    Failure   Level
 Freezing Cloud           Conj/Ice/Air   0%         6-21      100%        5
 Simulacrum               Ice/Necr       0%         N/A       100%        6
 Polar Vortex             Ice            0%         N/A       100%        9


Dungeon Overview and Level Annotations

Branches:
Dungeon (1/15)

Altars:


Innate Abilities, Weirdness & Mutations

You have a pair of horns on your head.
You reflexively headbutt those who attack you in melee.


Message History

A ball python comes into view.
The ball python hisses angrily.
The ball python closely misses you. You block the ball python's attack. x2
The ball python barely misses you.
You barely miss the ball python. The ball python closely misses you.
The ball python grabs you. The ball python constricts you.
You closely miss the ball python.
The ball python bites you but does no damage.
The ball python constricts you. You block the ball python's attack.
The ball python constricts you.
You closely miss the ball python.
The ball python bites you but does no damage.
The ball python constricts you.
You slash the ball python!
You kill the ball python!
Found a faded altar of an unknown god.
You now have 42 gold pieces (gained 15).
You see here a +0 short sword.
A kobold comes into view. It is wielding a +2 dagger of venom.
The kobold shouts!
The kobold throws a stone.
The stone hits you but does no damage.
A kobold is nearby!
The kobold throws a stone.
The stone hits you but does no damage.
The kobold hits you with a +2 dagger of venom.
You are poisoned.
You barely miss the kobold.
You feel very sick.
The kobold hits you with a +2 dagger of venom.
You hit the kobold but do no damage.
You feel sick.
The kobold hits you with a +2 dagger of venom.
* * * LOW HITPOINT WARNING * * *
You are more poisoned.
You barely miss the kobold. Your headbutt misses the kobold.
* * * LOW HITPOINT WARNING * * *
You feel very sick.
The kobold hits you but does no damage. x2
You are more poisoned.
You hit the kobold. Your headbutt misses the kobold.
The kobold is moderately wounded.
You die...

......# # #.#.##..# #
# #.#.##..# #.# #
#.#.##..# #.# #
#.#.##..####.######
##.#.##..##.........
+...................
##.#.##..##.#.#.....
+..@.....##.#.#.####
##K#.##........#####
......#..##.###PP..#
#......#....#.PP....#
#......#...##.......#
###.#.##..#P....P..P#
........#P...P...P_
#. .##..#........P#
#..###....P.P#


You could see a kobold.

Vanquished Creatures
  A bat (D:1)
  An endoplasm (D:1)
  A giant cockroach (D:1)
  A quokka (D:1)
  A ball python (D:1)
5 creatures vanquished.

Notes
Turn   | Place    | Note
-------+----------+-------------------------------------------
     0 | D:1      | Peloso the Minotaur Fighter began the quest for the Orb.
     0 | D:1      | Reached XP level 1. HP: 19/19 MP: 0/0
   443 | D:1      | Found a faded altar of an unknown god.
   488 | D:1      | HP: 1/20 [poisoned by a kobold]
   489 | D:1      | Succumbed to a kobold's poison

Illustrated notes

Levels and vault maps discovered:
D:1:      lightli_arrival_maybe_door_vault, layout_basic,
          shapermc_ecumenical_altar_gd, minivault_26, minmay_hedge_maze,
          hangedman_decor_diamond_cutter

Action                   || total
-------------------------++-------
Melee: Long sword        ||    20
       Headbutt          ||     1
Armor: Scale mail        ||    18
Dodge: Dodged            ||    14
Block: Buckler           ||     9
